 Dungeon Crawl Stone Soup version 0.30-a0-557-ge2afbf3030 (webtiles) character file.

Game seed: 14653471134168582920

7441 billz999 the Peltast (level 11, -12/75 HPs)
             Began as a Djinni Ice Elementalist on Dec 27, 2022.
             Was a Believer of Makhleb.
             Mangled by a gargoyle
             ... wielding a +0 morningstar
              (23 damage)
             ... on level 9 of the Dungeon.
             The game lasted 00:26:42 (9941 turns).

billz999 the Peltast (Djinni Ice Elementalist)      Turns: 9941, Time: 00:26:42

Health: -12/75     AC:  7    Str:  7    XL:     11   Next: 37%
Gold:   568        EV: 11    Int: 22    God:    Makhleb [**....] SH: 16 Dex: 19

rFire   + + .      SeeInvis .    w - +5 club (venom)
rCold   . . .      Faith    +    G - +2 kite shield
rNeg    . . .      Spirit   .    o - +3 leather armour
rPois   ∞          Reflect  .    (no helmet)
rElec   .          Harm     .    c - scarf {shadows}
rCorr   .          Rampage  .    m - +0 pair of gloves
Will    +....                    (boots unavailable)
Stlth   ++                       n - amulet of faith
HPRegen 0.32/turn                p - ring of protection from cold
MPRegen 0.00/turn                K - +6 ring of dexterity

@: liquefying, freezing walls, flying, studying Axes, slowed movement, very slow
A: sickness immunity, fire resistance 2, cold vulnerability 1, float, innate
caster, HP casting, extra vitality 1
a: Renounce Religion, Minor Destruction


You were on level 9 of the Dungeon.
You worshipped Makhleb.
Makhleb was pleased with you.
You visited 2 branches of the dungeon, and saw 12 of its levels.
You also visited: Sewer.

You collected 568 gold pieces.

Inventory:

Hand Weapons
 t - a +1 dagger of draining
 w - a +5 club of venom (weapon)
Missiles
 f - 2 throwing nets
Armour
 a - a +0 robe
 c - a scarf of shadows (worn)
 l - a +0 cloak
 m - a +0 pair of gloves (worn)
 o - a +3 leather armour (worn)
 G - a +2 kite shield (worn)
Jewellery
 n - an amulet of faith (around neck)
 p - a ring of protection from cold (left hand)
 K - a +6 ring of dexterity (right hand)
 L - a ring of ice
Wands
 v - a wand of flame (41)
 y - a wand of light (6)
 F - a wand of roots (14)
Scrolls
 e - 2 scrolls of teleportation
 i - 2 scrolls of vulnerability
 q - 2 scrolls of immolation
 u - 4 scrolls of magic mapping
 x - a scroll of enchant weapon
 z - a scroll of silence
 A - a scroll of butterflies
 B - 3 scrolls of blinking
 E - a scroll of identify
 I - a scroll of enchant armour
Potions
 b - 3 potions of magic
 d - 3 potions of brilliance
 g - a potion of curing
 h - 2 potions of resistance
 j - a potion of cancellation
 k - 2 potions of ambrosia
 r - 2 potions of might
 s - a potion of flight {unknown}
 C - 2 potions of mutation {unknown}
 D - 2 potions of invisibility {unknown}
 H - a potion of experience {unknown}
 M - a potion of haste {unknown}


   Skills:
 - Level 5.1 Fighting
 - Level 2.7 Dodging
 - Level 2.0 Stealth
 - Level 15.0 Shields
 + Level 8.9 Spellcasting


You had 2 spell levels left.
You knew the following spells:

 Your Spells              Type           Power      Damage    Failure   Level
a - Freeze                Ice            100%       1d10      1%          1
b - Frozen Ramparts       Ice            98%        1d15      1%          3
c - Ozocubu's Armour      Ice            49%        N/A       1%          3
d - Summon Ice Beast      Ice/Summ       49%        N/A       4%          4
e - Shock                 Conj/Air       100%       1d9       1%          1
f - Call Imp              Summ           49%        N/A       1%          2
g - Teleport Other        Tloc           49%        N/A       1%          3
h - Leda's Liquefaction   Hex/Erth       24%        N/A       4%          4
i - Cause Fear            Hex            24%        N/A       4%          4
Your spell library was empty.

Dungeon Overview and Level Annotations

Branches:
Dungeon (11/15)            Temple (1/1) D:7            Lair (0/5) D:8
    Orc (0/2) D:11          Sewer (visited)

Altars:
Ashenzari
Cheibriados
Dithmenos
Elyvilon
Fedhas
Gozag
Hepliaklqana
Makhleb
Nemelex Xobeh
Okawaru
Qazlal
Ru
Trog
Uskayaw
Wu Jian
Xom
Yredelemnul
Zin
The Shining One

Annotations:
D:4 2 transporters, 1 runed translucent door, Thepossum's ghost, amateur DsFi


Innate Abilities, Weirdness & Mutations

You are immune to sickness and miasma.
You are immune to poison.
Your flesh is very heat resistant. (rF++)
You are vulnerable to cold. (rC-)
You float through the air rather than walking.
You learn spells naturally, not from books.
Your magical power is your life essence.
You have superior vitality. (+4 MHP)


Message History

Casting: Cause Fear (dangerous; 4% risk of failure)
Press: ? - help, Dir - look around, f - activate
Okay, then.
Casting: Cause Fear (dangerous; 4% risk of failure)
Confirm with . or Enter, or press ? or * to list all spells.
Casting: Frozen Ramparts (safe; 1% risk of failure)
Press: ? - help, Dir - look around, f - activate A stone staircase leading down.
This square is liquefied.
The walls around you are covered in ice.
The wall freezes the gargoyle but does no damage.
You block the gargoyle's attack.
Casting: Frozen Ramparts (safe; 1% risk of failure)
Confirm with . or Enter, or press ? or * to list all spells.
A chill wind blows around you.
The wall freezes the gargoyle.
The gargoyle hurls a stone arrow at you.
The stone arrow misses you. The stone arrow hits your ice beast!
You hit the gargoyle but do no damage.
The gargoyle is lightly damaged.
The wall freezes the gargoyle but does no damage.
You block the gargoyle's attack.
The wall freezes the gargoyle.
The gargoyle hits you with a +0 morningstar.
You hit the gargoyle.
The gargoyle is heavily damaged.
The wall freezes the gargoyle but does no damage.
The gargoyle hurls a stone arrow at you.
The stone arrow misses you. The stone arrow hits your ice beast!
You hit the gargoyle but do no damage.
The gargoyle is heavily damaged.
The wall freezes the gargoyle but does no damage.
The gargoyle hits you with a +0 morningstar!
You hit the gargoyle.
The gargoyle is heavily damaged.
The wall freezes the gargoyle but does no damage.
The gargoyle hurls a stone arrow at you.
The stone arrow hits you!!
* * * LOW HITPOINT WARNING * * *
The wall freezes the gargoyle but does no damage.
The gargoyle hits you with a +0 morningstar!!
You die...

####....####.##
#.....#......#
#.....#.###..#
#.....#####..###
#..............##
##...########...#
#...# #.#.# #...#
#.#9# #...#
#.#@####
#...########.#Y...#
#...#........#..#.#
#...#.######....#.#
#...#.# #.#.##.#
#...#.# #.#....#
#...#.# #...####
#####.# ###.#
#####.# #####.#


You could see a gargoyle (ally target) and a friendly ice beast (summoned,
struggling).

Vanquished Creatures
  A rime drake (D:8)
  An unseen horror (D:11)
  A troll (D:9)
  A polar bear (D:8)
  2 wyverns
  3 steam dragons
  4 water moccasins
  A nameless horror (D:8)
  8 ice beasts
  2 black bears
  An ogre (D:5)
  A centaur (D:9)
  2 wolves (D:8)
  2 kobold brigands
  3 bullfrogs
  2 necrophages
  4 scorpions
  8 wights
  8 killer bees
  3 howler monkeys
  4 hounds
  2 jellies
  3 orc priests (D:8)
  Terence (D:3)
  An iguana (D:4)
  4 orc wizards
  Robin (D:4)
  4 adders
  A white imp (D:6)
  4 worms
  3 dart slugs
  10 orcs
  6 endoplasms
  10 giant cockroaches
  9 goblins
  9 hobgoblins
  3 jackals (D:3)
  11 quokkas
  8 ball pythons
  7 bats
  4 frilled lizards
  A goblin zombie (D:4)
  31 kobolds
  A kobold zombie (D:4)
  9 rats
205 creatures vanquished.

Vanquished Creatures (collateral kills)
  A two-headed ogre (D:11)
  An ugly thing (D:11)
  A troll (D:11)
  A wraith (D:9)
  Menkaure (D:4)
  2 centaurs (D:8)
  A wight (D:9)
  4 killer bees
  2 orc priests (D:4)
  Ijyb (D:4)
  An orc wizard (D:4)
  An ufetubus (D:5)
  A worm (D:4)
  A dart slug (D:5)
  2 orcs
  3 goblins (D:4)
  2 quokkas (D:4)
26 creatures vanquished.

Vanquished Creatures (others)
  8 plants (Sewer)
8 creatures vanquished.

Grand Total: 239 creatures vanquished

Notes
Turn   | Place    | Note
-------+----------+-------------------------------------------
     0 | D:1      | billz999 the Djinni Ice Elementalist began the quest for
                  | the Orb.
     0 | D:1      | billz999 set off with the following spells memorised:
                  | Freeze, Frozen Ramparts, Ozocubu's Armour, Summon Ice
                  | Beast.
     0 | D:1      | Reached XP level 1. HP: 15/15 MP: 0/0
   142 | D:1      | Reached XP level 2. HP: 18/21 MP: 0/0
   497 | D:1      | Reached XP level 3. HP: 25/25 MP: 0/0
   497 | D:1      | Learned a level 1 spell: Shock
  1423 | D:2      | Reached XP level 4. HP: 22/31 MP: 0/0
  2234 | D:3      | Noticed Terence
  2242 | D:3      | Killed Terence
  2243 | D:3      | Reached XP level 5. HP: 7/35 MP: 0/0
  2243 | D:3      | Learned a level 2 spell: Call Imp
  3168 | D:4      | Reached skill level 5 in Spellcasting
  3168 | D:4      | Reached XP level 6. HP: 34/40 MP: 0/0
  3317 | D:4      | Noticed Ijyb
  3328 | D:4      | Killed Ijyb
  3363 | D:4      | HP: 2/40 [orc priest/divine providence (14)]
  3372 | D:4      | Reached XP level 7. HP: 27/45 MP: 0/0
  3372 | D:4      | Learned a level 3 spell: Teleport Other
  3407 | D:4      | Noticed Menkaure
  3417 | D:4      | HP: 1/45 [Menkaure/nerve-wracking pain (9)]
  3420 | D:4      | Killed Menkaure
  3565 | D:4      | Found a transporter.
  3565 | D:4      | Found a transporter.
  3590 | D:4      | Noticed Thepossum's ghost (amateur DsFi)
  3643 | D:4      | Noticed Robin
  3652 | D:4      | Killed Robin
  3750 | D:4      | Found a runed translucent door.
  3750 | D:4      | Noticed a human
  4007 | D:4      | Found a basalt altar of Yredelemnul.
  4147 | D:5      | Entered Level 5 of the Dungeon
  4351 | D:5      | Reached XP level 8. HP: 46/58 MP: 0/0
  4569 | D:5      | Reached skill level 5 in Fighting
  5041 | D:6      | Found a glowing drain.
  5053 | Sewer    | Entered a sewer
  5101 | Sewer    | Reached skill level 1 in Shields
  5328 | Sewer    | Reached skill level 2 in Shields
  5359 | Sewer    | Reached skill level 3 in Shields
  5474 | D:6      | Reached skill level 4 in Shields
  5828 | D:6      | Reached skill level 5 in Shields
  6015 | D:6      | Reached skill level 6 in Shields
  6155 | D:6      | Reached skill level 7 in Shields
  6245 | D:6      | Reached XP level 9. HP: 61/65 MP: 0/0
  6245 | D:6      | Learned a level 4 spell: Leda's Liquefaction
  6284 | D:7      | Found a staircase to the Ecumenical Temple.
  6293 | Temple   | Entered the Ecumenical Temple
  6421 | D:7      | Reached skill level 8 in Shields
  6665 | D:7      | Reached skill level 9 in Shields
  6702 | D:7      | Reached skill level 10 in Shields
  7199 | D:7      | Reached skill level 11 in Shields
  7265 | D:8      | Reached skill level 12 in Shields
  7265 | D:8      | Noticed a polar bear
  7268 | D:8      | Noticed a rime drake
  7276 | D:8      | Reached skill level 13 in Shields
  7282 | D:8      | Reached XP level 10. HP: 39/70 MP: 0/0
  7289 | D:8      | Reached skill level 14 in Shields
  7294 | D:8      | Killed a rime drake
  7480 | D:8      | Found a burning altar of Makhleb.
  7481 | D:8      | Found a bloodstained altar of Trog.
  7487 | D:8      | Became a worshipper of Makhleb the Destroyer
  7927 | D:8      | You are sucked into a shaft and drop 3 floors!
  7930 | D:11     | Noticed a two-headed ogre
  7943 | D:11     | Killed a two-headed ogre
  7944 | D:11     | Reached skill level 15 in Shields
  8098 | D:11     | Killed an unseen horror
  8231 | D:11     | Identified a scroll of acquirement
  8231 | D:11     | Acquired a manual of Axes
  8520 | D:11     | Noticed a cyan ugly thing
  8529 | D:11     | Killed a cyan ugly thing
  8529 | D:11     | Reached * piety under Makhleb
  8530 | D:11     | Reached XP level 11. HP: 68/75 MP: 0/0
  8530 | D:11     | Learned a level 4 spell: Cause Fear
  8540 | D:11     | Found a staircase to the Orcish Mines.
  8569 | D:10     | Entered Level 10 of the Dungeon
  8845 | D:9      | Found a shimmering altar of Xom.
  8920 | D:9      | Found a hide-covered altar of Uskayaw.
  9629 | D:8      | Found a staircase to the Lair.
  9932 | D:10     | Reached ** piety under Makhleb
  9941 | D:9      | Mangled by a gargoyle

Illustrated notes

Levels and vault maps discovered:
D:1:      lemuel_arrival_behind_the_door_large, layout_basic,
          hangedman_decor_diamond_cutter, chequers_decorated_corner,
          interstate_on_off, minmay_tetromino_t4
D:2:      layout_rooms, ebering_dispersal_statue_hall, minivault_19,
          kennysheep_generic_room_11
D:3:      layout_basic, moated_statue, uniq_terence
D:4:      layout_basic, dk_yredelemnul_ordeal, gammafunk_ghost_smash,
          uniq_menkaure, uniq_robin, uniq_ijyb
D:5:      layout_loops_ring
D:6:      layout_loops_ring, gup_sewer_entry_pipe
D:7:      layout_loops_ring, minmay_temple_entry_slanted
D:8:      layout_rooms, chequers_temple_overflow_statue_of_worship,
          hellmonk_lair_entry_icy, nicolae_wwwww
D:9:      layout_basic, mainiacjoe_overflow_boulevard, kennysheep_mini,
          mainiacjoe_overflow_alcove_1
D:10:     layout_stronghold
D:11:     layout_small_grid, orc_0_dummy
Temple:   nicolae_temple_superstar

Skill      XL: |  1  2  3  4  5  6  7  8  9 10 11 |
---------------+----------------------------------+-----
Stealth        | 2 |  2.0
Spellcasting   | 4 5 6 7 8 |  8.9
Fighting       | 4 5 |  5.1
Shields        | 7 13 15 | 15.0
Dodging        | |  2.7

Action                   |  1- 3 |  4- 6 |  7- 9 | 10-12 || total
-------------------------+-------+-------+-------+-------++-------
Melee: Unarmed           |     4 |     3 |       |       ||     7
       Dagger            |       |     7 |       |       ||     7
       Club              |       |     5 |    30 |    27 ||    62
 Cast: Freeze            |    66 |    44 |    10 |    22 ||   142
       Frozen Ramparts   |     1 |     8 |    20 |    20 ||    49
       Shock             |       |     8 |   161 |   102 ||   271
       Summon Ice Beast  |       |     2 |     9 |    17 ||    28
       Call Imp          |       |     2 |     6 |     2 ||    10
       Leda's Liquefacti |       |       |     3 |     3 ||     6
       Cause Fear        |       |       |       |     1 ||     1
Evoke: Wand              |       |     2 |       |     2 ||     4
  Use: Scroll            |     2 |     3 |     9 |    11 ||    25
       Potion            |       |     3 |     2 |     1 ||     6
 Stab: Distracted        |       |       |     1 |       ||     1
Armor: Robe              |     8 |     6 |    15 |       ||    29
       Leather armour    |       |       |       |     7 ||     7
Dodge: Dodged            |    32 |    24 |    28 |    17 ||   101
Block: Kite shield       |       |       |    29 |    86 ||   115

Table legend: (Time is in decaauts)
 A = Elapsed time spent in this place.
 B = Non-inter-level travel time spent in this place.
 C = Inter-level travel time spent in this place.
 D = Time resting spent in this place.
 E = Time spent auto-exploring this place.
 F = Levels seen in this place.
 G = Mean time per level.
                   A        B        C        D        E       F      G
               +--------+--------+--------+--------+--------+-----+--------+
         Total |   9965 |   9592 |    373 |    660 |   7563 |  13 |  766.5 |
       Dungeon |   9513 |   9153 |    360 |    660 |   7229 |  11 |  864.8 |
        Temple |    103 |     90 |     13 |      0 |     75 |   1 |  103.0 |
         Sewer |    348 |    348 |      0 |      0 |    259 |   1 |  348.0 |
               +--------+--------+--------+--------+--------+-----+--------+

Top non-repeatable levels by time:
     D:1: 1308 daAuts
     D:3: 1055 daAuts
     D:6: 1041 daAuts
     D:4: 1036 daAuts
     D:7: 1035 daAuts
     D:8: 964 daAuts
     D:9: 916 daAuts
     D:5: 748 daAuts
     D:2: 745 daAuts
    D:11: 642 daAuts
   Sewer: 348 daAuts
  Temple: 103 daAuts
    D:10: 18 daAuts
